[Event "Titled Tuesday Blitz August 22 Early 2023"]
[White "Shahaliyev, Ismayil"]
[Black "Nosacheva, Mariya"]
[WhiteFideId "13406388"]
[BlackFideId "34111422"]
[WhiteElo "2575"]
[BlackElo "2406"]
[Result "1-0"]
[Round "5"]
[TimeControl "180+1"]
[Date "2023.08.22"]
[WhiteClock "0:00:06"]
[BlackClock "0:00:00"]
[Board "157"]

1. c4 g6 2. Nc3 Bg7 3. g3 e5 4. Bg2 d6 5. d3 f5 6. e3 Nf6 7. Nge2 Nc6 8. Rb1 a5 9. a3 O-O 10. b4 axb4 11. axb4 Rb8 12. b5 Ne7 13. Ba3 b6 14. d4 Be6 15. d5 Bd7 16. O-O g5 17. f4 gxf4 18. exf4 Ng4 19. Qd2 Ng6 20. Bb2 h5 21. h3 Nh6 22. fxe5 dxe5 23. Rbd1 Kh7 24. Ba3 Re8 25. d6 cxd6 26. Qxd6 Be6 27. Nd5 Qg5 28. Bc1 Qd8 29. Qxd8 Rexd8 30. Bg5 Rf8 31. Nec3 e4 32. Na4 Ne5 33. Naxb6 Bxd5 34. Nxd5 Nxc4 35. Rb1 Na3 36. Rbc1 Nxb5 37. Nf4 Nf7 38. Be7 Rfe8 39. Bc5 Rbc8 40. Kh2 Nd4 41. Nxh5 Ne2 42. Nxg7 Nxc1 43. Nxe8 Rxc5 44. Bxe4 fxe4 45. Rxf7+ Kg6 46. Re7 Rc2+ 47. Kg1 Ne2+ 48. Kf2 Nd4+ 49. Ke1 Re2+ 50. Kd1 Rg2 51. Rxe4 Nf3 52. Rg4+ Kf7 53. Ng7 Ne5 54. Rg5 Ng6 55. Nh5 Rh2 56. Rf5+ 1-0


[Site "https://www.chess.com"]

[Event "Titled Tuesday Blitz August 22 Early 2023"]
[White "Manukian, Artak"]
[Black "Ribeiro, Matheus Mendes Domingues"]
[WhiteFideId "13301373"]
[BlackFideId "324226923"]
[WhiteElo "2391"]
[BlackElo "2565"]
[Result "1-0"]
[Round "5"]
[TimeControl "180+1"]
[Date "2023.08.22"]
[WhiteClock "0:00:32"]
[BlackClock "0:00:13"]
[Board "158"]

1. e4 e6 2. d4 d5 3. e5 c5 4. c3 Nc6 5. Nf3 Nge7 6. a3 cxd4 7. cxd4 Nf5 8. b4 Bd7 9. Bb2 b5 10. Bd3 a5 11. bxa5 Qxa5+ 12. Nbd2 Be7 13. O-O O-O 14. Nb3 Qb6 15. g4 Nh4 16. Nxh4 Bxh4 17. f4 Be7 18. g5 b4 19. a4 Na5 20. Nxa5 Rxa5 21. Rf3 Rfa8 22. Bxh7+ Kf8 23. Bc2 g6 24. h4 Qa6 25. h5 Bxa4 26. Bxa4 Rxa4 27. Rxa4 Qxa4 28. Qxa4 Rxa4 29. h6 Kg8 30. Rb3 Ra6 31. Kf2 Rc6 32. Ke3 Rc2 33. Kd3 Rf2 34. Bc1 Rf3+ 35. Be3 Rf1 36. Ke2 Rh1 37. Bd2 Rh2+ 38. Kd3 Rh3+ 39. Kc2 Rf3 40. Rxf3 1-0


[Site "https://www.chess.com"]

[Event "Titled Tuesday Blitz August 22 Early 2023"]
[White "Moral Garcia, Serafin"]
[Black "Labussiere, Yago"]
[WhiteFideId "2201925"]
[BlackFideId "2186969"]
[WhiteElo "2531"]
[BlackElo "2385"]
[Result "1-0"]
[Round "5"]
[TimeControl "180+1"]
[Date "2023.08.22"]
[WhiteClock "0:01:40"]
[BlackClock "0:00:09"]
[Board "159"]

1. c4 e5 2. g3 g6 3. Bg2 Bg7 4. Nc3 d6 5. d3 Nc6 6. Rb1 a5 7. a3 Nf6 8. b4 axb4 9. axb4 O-O 10. b5 Ne7 11. Bd2 d5 12. Qb3 Be6 13. Nf3 dxc4 14. dxc4 Nd7 15. Ng5 Nc5 16. Qb4 Qd6 17. Be3 b6 18. Nxe6 Qxe6 19. Bxa8 Rxa8 20. Bxc5 bxc5 21. Qxc5 e4 22. Nd5 Nxd5 23. Qxd5 Bc3+ 24. Kf1 Qxd5 25. cxd5 Ra2 26. d6 cxd6 27. b6 Ra8 28. Kg2 d5 29. b7 Rb8 30. e3 Kf8 31. Rhc1 Be5 32. Rc8+ Ke7 33. Rxb8 Bxb8 34. Rc1 Kd7 35. Rc8 1-0


[Site "https://www.chess.com"]

[Event "Titled Tuesday Blitz August 22 Early 2023"]
[White "Gutkin, Ilya"]
[Black "Nazaretyan, Tigran"]
[WhiteFideId "16203470"]
[BlackFideId "24162345"]
[WhiteElo "2371"]
[BlackElo "2522"]
[Result "0-1"]
[Round "5"]
[TimeControl "180+1"]
[Date "2023.08.22"]
[WhiteClock "0:00:05"]
[BlackClock "0:00:20"]
[Board "160"]

1. e4 c5 2. Nf3 Nc6 3. Bb5 g6 4. O-O Bg7 5. c3 Nf6 6. Re1 O-O 7. h3 a6 8. Ba4 b5 9. Bc2 e5 10. a4 b4 11. d4 d6 12. Nbd2 cxd4 13. cxd4 Nxd4 14. Nxd4 exd4 15. Nb3 d5 16. e5 Ne4 17. Qxd4 Qe7 18. Bf4 Bb7 19. Na5 Rac8 20. Bxe4 dxe4 21. Nxb7 Qxb7 22. Qxe4 Qxe4 23. Rxe4 a5 24. Rd1 Rc2 25. Rd2 Rfc8 26. Red4 Bf8 27. Rd5 R2c5 28. Be3 Rxd5 29. Rxd5 Rc2 30. Rxa5 Rxb2 31. Rb5 Ra2 32. a5 h5 33. g4 hxg4 34. hxg4 Kg7 35. Kg2 Be7 36. Rb7 Kf8 37. Rb8+ Kg7 38. Rb7 Kf8 39. Rb5 Ke8 40. Kf3 Kd7 41. Ke4 Kc6 42. Rb8 Rxa5 43. Rb6+ Kd7 44. Rb7+ Ke8 45. f4 Ra8 46. Bd4 Rd8 47. f5 gxf5+ 48. gxf5 Rc8 49. f6 Bf8 50. Kd5 Rd8+ 51. Kc4 Rc8+ 52. Kd5 Rd8+ 53. Kc4 Rd7 54. Rb8+ Rd8 55. Rxd8+ Kxd8 56. Be3 Kd7 57. Kd5 b3 58. Bc1 Bb4 59. Bb2 Bd2 60. Ke4 Ke6 61. Kd3 Bf4 62. Kc4 Bxe5 63. Ba3 b2 64. Bxb2 Bxb2 65. Kd3 Bxf6 66. Ke2 Be5 67. Kf3 f5 68. Kf2 f4 69. Ke2 Kf5 70. Kf1 Ke4 71. Ke2 f3+ 72. Kf1 Ke3 73. Kg1 f2+ 74. Kf1 Bf4 75. Kg2 Ke2 0-1


[Site "https://www.chess.com"]

[Event "Titled Tuesday Blitz August 22 Early 2023"]
[White "Hajiyev, Kanan"]
[Black "Petrova, Irina"]
[WhiteFideId "13404148"]
[BlackFideId "14124122"]
[WhiteElo "2503"]
[BlackElo "2356"]
[Result "1-0"]
[Round "5"]
[TimeControl "180+1"]
[Date "2023.08.22"]
[WhiteClock "0:00:51"]
[BlackClock "0:00:00"]
[Board "161"]

1. d4 d6 2. Nf3 g6 3. g3 Bg7 4. Bg2 Nc6 5. O-O Nf6 6. d5 Nb8 7. c4 O-O 8. Nc3 c6 9. e4 a5 10. Qe2 Na6 11. Bg5 Nc5 12. Rfe1 cxd5 13. exd5 Re8 14. Rad1 Bf5 15. Nb5 Qb6 16. Nfd4 Bg4 17. Bf3 Bxf3 18. Qxf3 Nfd7 19. Bxe7 Ne5 20. Rxe5 Bxe5 21. Bf6 Bxf6 22. Qxf6 Ne4 23. Qf4 Rad8 24. h4 h5 25. Kg2 Qc5 26. b3 Qb6 27. Rd3 Nc5 28. Rf3 Re7 29. Qf6 Rdd7 30. Nf5 gxf5 31. Qg5+ Kf8 32. Qh6+ Kg8 33. Qg5+ Kf8 34. Qxh5 Re1 35. Rxf5 Ne4 36. Qh6+ Ke7 37. Qg7 Qxf2+ 38. Rxf2 Nxf2 39. Kxf2 Re5 40. g4 Ke8 41. Qg8+ Ke7 42. h5 Kf6 43. h6 Rg5 44. Qh8+ 1-0


[Site "https://www.chess.com"]

[Event "Titled Tuesday Blitz August 22 Early 2023"]
[White "Ocido, Michael"]
[Black "Albertini, Luca"]
[WhiteFideId "115201920"]
[BlackFideId "847038"]
[WhiteElo "2483"]
[BlackElo "2340"]
[Result "0-1"]
[Round "5"]
[TimeControl "180+1"]
[Date "2023.08.22"]
[WhiteClock "0:00:00"]
[BlackClock "0:00:13"]
[Board "162"]

1. d4 Nf6 2. c4 e6 3. Nc3 b6 4. e4 Bb7 5. f3 Bb4 6. Be3 O-O 7. Bd3 d5 8. e5 Nfd7 9. cxd5 Bxd5 10. Ne2 c5 11. O-O cxd4 12. Bxd4 Bc5 13. Nxd5 exd5 14. f4 Nc6 15. Bb5 Nxd4 16. Nxd4 a6 17. Bc6 Rc8 18. Bxd7 Qxd7 19. Kh1 Bxd4 20. Qxd4 b5 21. f5 Rc4 22. Qf2 Re8 23. Rae1 Re4 24. f6 g6 25. Rxe4 dxe4 26. Qf4 Qf5 27. Qc1 Rc8 28. Qe1 Qxe5 29. h3 Rc6 30. Qh4 e3 31. Qh6 Rxf6 32. Rxf6 e2 0-1


[Site "https://www.chess.com"]

[Event "Titled Tuesday Blitz August 22 Early 2023"]
[White "Lopez Del Alamo, Antonio"]
[Black "Janaszak, Dawid"]
[WhiteFideId "2227339"]
[BlackFideId "1119206"]
[WhiteElo "2337"]
[BlackElo "2481"]
[Result "0-1"]
[Round "5"]
[TimeControl "180+1"]
[Date "2023.08.22"]
[WhiteClock "0:00:08"]
[BlackClock "0:00:41"]
[Board "163"]

1. e4 e5 2. Bc4 Nf6 3. d3 c6 4. Nf3 d5 5. Bb3 Bd6 6. Nc3 d4 7. Ne2 c5 8. Ng3 Nc6 9. O-O O-O 10. Nh4 Na5 11. Nhf5 Nxb3 12. axb3 Re8 13. h3 Bf8 14. f4 Nd7 15. fxe5 Nxe5 16. Bf4 Ng6 17. Bd2 b5 18. Qh5 Be6 19. Rf2 c4 20. bxc4 bxc4 21. Raf1 Qb6 22. Bc1 Rac8 23. Nxg7 Bxg7 24. Nf5 cxd3 25. cxd3 Rc5 26. Bh6 Be5 27. Bg5 Rf8 28. Nh6+ Kg7 29. Nf5+ Kg8 30. Nh6+ Kh8 31. Nxf7+ Bxf7 32. Rxf7 Rxf7 33. Rxf7 Bg7 34. Bh6 Rxh5 35. Bxg7+ Kg8 36. Rf8+ Kxg7 0-1


[Site "https://www.chess.com"]

[Event "Titled Tuesday Blitz August 22 Early 2023"]
[White "Shuvalov, Evgenij"]
[Black "Ardila, Oscar Humberto"]
[WhiteFideId "4187237"]
[BlackFideId "4404742"]
[WhiteElo "2480"]
[BlackElo "2335"]
[Result "1/2-1/2"]
[Round "5"]
[TimeControl "180+1"]
[Date "2023.08.22"]
[WhiteClock "0:01:34"]
[BlackClock "0:00:39"]
[Board "164"]

1. d4 Nf6 2. c4 e6 3. Nc3 Bb4 4. e3 O-O 5. a3 Bxc3+ 6. bxc3 d6 7. Ne2 Nbd7 8. Ng3 e5 9. e4 Re8 10. d5 Nf8 11. Bd3 N8d7 12. f3 Nc5 13. Be3 b6 14. h4 Bd7 15. Nf1 Nh5 16. Bc2 Nf4 17. Qd2 Qf6 18. g3 Ng6 19. Nh2 h6 20. h5 Nf8 21. g4 Nh7 22. Nf1 Ng5 23. Bxg5 Qxg5 24. Qxg5 hxg5 25. Ne3 f6 26. a4 a5 27. Kd2 Kf7 28. Rh2 Rh8 29. Rhh1 Rh6 30. Nf5 Bxf5 31. exf5 Re8 32. Rhe1 Re7 33. Re4 Rh8 34. Ke3 Nxe4 35. Bxe4 Ke8 36. Kd2 Kd7 37. Kc2 Kc8 38. Kb3 Kb7 39. Ra2 1/2-1/2


[Site "https://www.chess.com"]

[Event "Titled Tuesday Blitz August 22 Early 2023"]
[White "Battlecruiser_Operational"]
[Black "Melnichuk, Mikhail"]
[BlackFideId "14117533"]
[WhiteElo "2326"]
[BlackElo "2473"]
[Result "1/2-1/2"]
[Round "5"]
[TimeControl "180+1"]
[Date "2023.08.22"]
[WhiteClock "0:00:10"]
[BlackClock "0:00:04"]
[Board "165"]

1. d4 Nf6 2. c4 e6 3. Nc3 Bb4 4. f3 d5 5. a3 Bxc3+ 6. bxc3 c5 7. cxd5 Nxd5 8. dxc5 Qa5 9. e4 Nf6 10. Be3 O-O 11. Qb3 Nfd7 12. Qb4 Qc7 13. Nh3 Nc6 14. Qb5 b6 15. cxb6 axb6 16. Be2 Ba6 17. Qb2 Nce5 18. O-O Bxe2 19. Qxe2 Qxc3 20. Rfc1 Qd3 21. Qxd3 Nxd3 22. Rc3 N3c5 23. Nf4 Ra6 24. Ne2 Rfa8 25. Nd4 h6 26. Kf2 Ne5 27. Ke2 Na4 28. Rc7 Nc5 29. Nc2 Ra5 30. Rb1 Nc4 31. Bc1 e5 32. Rb4 Ra4 33. h4 h5 34. g4 hxg4 35. fxg4 Nd6 36. Rxb6 Ncxe4 37. g5 Nf5 38. Rbb7 Ned6 39. Rb4 Rxb4 40. axb4 Ra2 41. Kd3 e4+ 42. Kd2 e3+ 43. Kd1 Ne4 44. Nxe3 Nf2+ 45. Ke1 Nd3+ 46. Kd1 Nf2+ 47. Ke1 Nd3+ 48. Kd1 Nd4 49. Rc8+ Kh7 50. Rd8 Kg6 51. Rxd4 Nf2+ 52. Ke1 Kh5 53. Bd2 Nh3 54. Ke2 Ng1+ 55. Kd3 Nf3 56. b5 Nxd4 57. Kxd4 Rxd2+ 58. Ke4 Rd8 59. Nd5 Rb8 60. b6 Kxh4 61. Kf5 Kh5 62. Kf4 Kg6 63. Kg4 f6 64. gxf6 gxf6 65. Kf4 Rb7 66. Ke4 Kg5 67. Kd4 f5 68. Kc5 f4 69. Nxf4 Kxf4 70. Kc6 Rb8 71. b7 Rxb7 72. Kxb7 1/2-1/2


[Site "https://www.chess.com"]

[Event "Titled Tuesday Blitz August 22 Early 2023"]
[White "DeyanKostov"]
[Black "Li, Hui"]
[BlackFideId "15400310"]
[WhiteElo "2467"]
[BlackElo "2316"]
[Result "1-0"]
[Round "5"]
[TimeControl "180+1"]
[Date "2023.08.22"]
[WhiteClock "0:00:33"]
[BlackClock "0:00:00"]
[Board "166"]

1. d4 d5 2. Bf4 Nf6 3. e3 c5 4. Nc3 cxd4 5. exd4 a6 6. Nf3 Bg4 7. h3 Bxf3 8. Qxf3 Nc6 9. Ne2 e6 10. c3 Bd6 11. Ng3 O-O 12. Bd3 b5 13. O-O Bxf4 14. Qxf4 b4 15. Ne2 Qb8 16. Qd2 Qd6 17. a3 a5 18. Rfc1 bxc3 19. Qxc3 Rfc8 20. Qc5 Qxc5 21. Rxc5 Nd7 22. Rc2 Ne7 23. Rac1 Rxc2 24. Rxc2 Rc8 25. Rxc8+ Nxc8 26. Kf1 a4 27. Ke1 Ncb6 28. Nc3 Kf8 29. Bb5 Ke7 30. Nxa4 Nxa4 31. Bxa4 Nb6 32. Bb3 Kd6 33. Kd2 e5 34. dxe5+ Kxe5 35. a4 Nc8 36. a5 Kd4 37. Ba4 Na7 38. Be8 f6 39. b3 Kc5 40. Kc3 d4+ 41. Kd3 g5 42. Bf7 h6 43. a6 Kb6 44. Kxd4 Kxa6 45. Ke4 Nc6 46. Kf5 Kb6 47. Kxf6 1-0


[Site "https://www.chess.com"]

[Event "Titled Tuesday Blitz August 22 Early 2023"]
[White "Yeritsyan, Hayk"]
[Black "Kaganskiy, Gleb"]
[WhiteFideId "13307320"]
[BlackFideId "4132025"]
[WhiteElo "2464"]
[BlackElo "2313"]
[Result "1/2-1/2"]
[Round "5"]
[TimeControl "180+1"]
[Date "2023.08.22"]
[WhiteClock "0:00:06"]
[BlackClock "0:00:06"]
[Board "167"]

1. d4 d5 2. Nf3 Nf6 3. g3 e6 4. Bg2 Be7 5. O-O O-O 6. c4 dxc4 7. Ne5 Nc6 8. Bxc6 bxc6 9. Nxc6 Qe8 10. Nxe7+ Qxe7 11. Qa4 e5 12. dxe5 Qxe5 13. Qxc4 Qh5 14. f3 Be6 15. Qf4 Rfe8 16. Nc3 Nd5 17. Qg5 Qxg5 18. Bxg5 Nxc3 19. bxc3 Bc4 20. Rfe1 Bxe2 21. Kf2 Bc4 22. Bf4 c6 23. a3 f6 24. Re4 Rxe4 25. fxe4 Re8 26. Kf3 Rd8 27. Be3 Rd3 28. Rc1 a6 29. Kf2 Kf7 30. Bd4 Rd2+ 31. Kf3 Rxh2 32. Rb1 Bb5 33. Rb4 Ra2 34. Rb3 a5 35. Bc5 a4 36. Rb1 Rc2 37. Bb4 Rd2 38. Ke3 Rd3+ 39. Kf2 Ke6 40. Ba5 Ke5 41. Rh1 h6 42. Rh4 c5 43. Bc7+ Ke6 44. Rh5 Rxc3 45. Bb6 Rxa3 46. Bxc5 Ra2+ 47. Ke3 Bc6 48. Bb4 Ra1 49. Rc5 Bd7 50. Ra5 Rb1 51. Ra6+ Kf7 52. Bd6 Rb3+ 53. Kf2 Rb7 54. Bc5 Ke8 55. Be3 Kf7 56. Kf3 Ke8 57. Bd4 Kf7 58. e5 fxe5 59. Bxe5 Rb3+ 60. Kf4 Rb7 61. Ra5 Rb4+ 62. Kf3 Rb7 63. Ke3 Rb3+ 64. Kf4 Rb7 65. Ra8 Rb5 66. Bd6 Rb7 67. Rf8+ Ke6 68. Ba3 Kd5 69. Ra8 Kc4 70. Bf8 Bc6 71. Rc8 Rf7+ 72. Ke5 Kb5 73. Bd6 Rf1 74. Rb8+ Kc4 75. Rc8 Kb5 76. Rb8+ Kc4 77. Rb6 Bb5 78. Rb8 Re1+ 79. Kf4 Rf1+ 80. Ke3 Re1+ 81. Kf2 Rb1 82. Rc8+ Kb3 83. Bf8 g6 84. Bxh6 a3 85. Bg7 a2 86. Ra8 Bc4 87. Ke3 Kc2 88. Kf4 Rb3 89. Kg5 Rxg3+ 90. Kh6 Rb3 91. Bf6 Kb1 92. Kxg6 Rb2 93. Bxb2 Kxb2 94. Rxa2+ Kxa2 1/2-1/2


[Site "https://www.chess.com"]

[Event "Titled Tuesday Blitz August 22 Early 2023"]
[White "Szyszylo, Rafal"]
[Black "Tiarks, Jann-Christian"]
[WhiteFideId "1109626"]
[BlackFideId "12951595"]
[WhiteElo "2456"]
[BlackElo "2294"]
[Result "0-1"]
[Round "5"]
[TimeControl "180+1"]
[Date "2023.08.22"]
[WhiteClock "0:00:00"]
[BlackClock "0:00:18"]
[Board "168"]

1. e4 e5 2. Bc4 Nf6 3. Nc3 Bc5 4. d3 O-O 5. f4 exf4 6. Bxf4 c6 7. Bg5 d5 8. Bb3 h6 9. Bxf6 Qxf6 10. Nf3 Bg4 11. Qe2 Nd7 12. O-O-O Bb4 13. Nb1 a5 14. a4 Nc5 15. e5 Qf4+ 16. Nbd2 Nxb3+ 17. cxb3 Rfe8 18. d4 c5 19. dxc5 Rac8 20. Kb1 Rxc5 21. h3 Bf5+ 22. Ka2 Rc2 23. Qb5 Rec8 24. Qxd5 Be6 25. Qd3 Bf5 26. Qd4 Bxd2 27. Rxd2 Qxd4 28. Nxd4 Rxd2 29. Nxf5 Rcc2 30. Rb1 Rf2 31. g4 Rh2 32. Nd4 Rc7 33. Nb5 Re7 34. Re1 Rxh3 35. Nc3 Rg3 36. Re4 g6 37. Nd5 Re6 38. Nf6+ Kg7 39. b4 axb4 40. a5 Ra6 41. Rxb4 Rxa5+ 42. Kb1 Rxe5 43. Nd7 Re1+ 44. Ka2 Reg1 45. Rxb7 Rxg4 46. Ne5 Rf4 0-1


[Site "https://www.chess.com"]

[Event "Titled Tuesday Blitz August 22 Early 2023"]
[White "Womacka, Mathias"]
[Black "Hrescak, Ivana"]
[WhiteFideId "4611390"]
[BlackFideId "14613441"]
[WhiteElo "2449"]
[BlackElo "2291"]
[Result "1-0"]
[Round "5"]
[TimeControl "180+1"]
[Date "2023.08.22"]
[WhiteClock "0:01:05"]
[BlackClock "0:00:00"]
[Board "169"]

1. e4 e5 2. Nf3 Nc6 3. Bb5 a6 4. Bxc6 dxc6 5. O-O Qd6 6. Na3 Be6 7. Qe2 Ne7 8. Nc4 Bxc4 9. Qxc4 O-O-O 10. Qxf7 Ng6 11. d3 Be7 12. Bg5 Rdf8 13. Bxe7 Nxe7 14. Qh5 Ng6 15. Rad1 Rf4 16. g3 Rf6 17. d4 exd4 18. e5 Qd5 19. Qg4+ Qe6 20. Qxe6+ Rxe6 21. Ng5 Re7 22. f4 c5 23. a4 h6 24. Ne4 b6 25. a5 Kb7 26. axb6 cxb6 27. c3 dxc3 28. Nxc3 Rhe8 29. Rd6 Re6 30. Rd7+ Kc6 31. Rxg7 Nf8 32. Rd1 b5 33. Ne4 1-0


[Site "https://www.chess.com"]

[Event "Titled Tuesday Blitz August 22 Early 2023"]
[White "Balla, Tamas-Kristof"]
[Black "Zampronha, Wladimir Camilo"]
[WhiteFideId "1208497"]
[BlackFideId "2103087"]
[WhiteElo "2444"]
[BlackElo "2280"]
[Result "1-0"]
[Round "5"]
[TimeControl "180+1"]
[Date "2023.08.22"]
[WhiteClock "0:00:08"]
[BlackClock "0:00:00"]
[Board "170"]

1. e4 c5 2. c3 Nf6 3. e5 Nd5 4. d4 cxd4 5. Nf3 e6 6. cxd4 b6 7. a3 Bb7 8. Bd3 Be7 9. O-O d6 10. Qe2 Nd7 11. Re1 Rc8 12. Bd2 dxe5 13. dxe5 Nc5 14. Bb5+ Bc6 15. Nc3 Nxc3 16. Bxc6+ Rxc6 17. Bxc3 O-O 18. Rad1 Qc8 19. Nd4 Rc7 20. Nb5 Rd7 21. Nd6 Qc6 22. Qg4 Na4 23. Bd4 Nc5 24. Re3 Bxd6 25. exd6 f5 26. Qg5 Qxd6 27. Ree1 Qe7 28. Qe3 Re8 29. Bxc5 bxc5 30. Rxd7 Qxd7 31. Qxc5 Qd2 32. Qe5 h6 33. h3 Kh7 34. Re3 Rf8 35. Qxe6 Qxb2 36. Rg3 Qf6 37. Qd7 Rf7 38. Qd3 Qe7 39. Kh2 Qe5 40. Kg1 Re7 41. Re3 Qa1+ 42. Kh2 Rxe3 43. Qxe3 Qe5+ 44. Qxe5 1-0


[Site "https://www.chess.com"]

[Event "Titled Tuesday Blitz August 22 Early 2023"]
[White "Herzog2012"]
[Black "Slavin, Alexey"]
[BlackFideId "24104388"]
[WhiteElo "2440"]
[BlackElo "2266"]
[Result "1-0"]
[Round "5"]
[TimeControl "180+1"]
[Date "2023.08.22"]
[WhiteClock "0:00:11"]
[BlackClock "0:00:06"]
[Board "171"]

1. e4 Nc6 2. Nc3 Nf6 3. d4 d6 4. d5 Ne5 5. Bg5 c6 6. f4 Ned7 7. Nf3 cxd5 8. exd5 g6 9. Bb5 Bg7 10. O-O O-O 11. Kh1 a6 12. Ba4 b5 13. Bb3 Nc5 14. a4 Nxb3 15. cxb3 b4 16. Ne2 Bb7 17. Bxf6 Bxf6 18. Qd2 a5 19. f5 Qb6 20. Rac1 Rac8 21. fxg6 hxg6 22. h4 Qb5 23. Nf4 Qd7 24. h5 Qg4 25. hxg6 Rxc1 26. gxf7+ Rxf7 27. Qxc1 Ba6 28. Rf2 Qg3 29. Nh3 Rh7 30. Qg1 Bc8 31. Qh2 Qg4 32. Kg1 Bf5 33. Qf4 Qg6 34. Ne5 Bxe5 35. Qxf5 Qxf5 36. Rxf5 Bxb2 37. Ng5 Rg7 38. Ne6 Rf7 39. Rxf7 Kxf7 40. Nd8+ Kf6 41. Nc6 Bc3 42. Kf2 Kf5 43. Kf3 e5 44. g4+ Kg5 45. Nxa5 Bd4 46. Nc4 Bc5 47. a5 Kf6 48. Ke4 Kg5 49. Kf3 Kf6 50. a6 Kg5 51. Nxd6 Kg6 52. Nc8 Kf7 53. a7 Bxa7 54. Nxa7 Ke7 55. Ke4 Kd6 56. Nc6 Kc5 57. Kxe5 1-0


[Site "https://www.chess.com"]

[Event "Titled Tuesday Blitz August 22 Early 2023"]
[White "Buchenau, Frank"]
[Black "Tharushi, T H D Niklesha"]
[WhiteFideId "4604350"]
[BlackFideId "9918264"]
[WhiteElo "2422"]
[BlackElo "2188"]
[Result "1-0"]
[Round "5"]
[TimeControl "180+1"]
[Date "2023.08.22"]
[WhiteClock "0:01:42"]
[BlackClock "0:01:51"]
[Board "172"]

1. e4 c5 2. Nf3 d6 3. Bb5+ Bd7 4. Bxd7+ Qxd7 5. c4 Nc6 6. d4 cxd4 7. Nxd4 Nf6 8. Nc3 g6 9. f3 Bg7 10. Be3 O-O 11. O-O e6 12. b3 Rad8 13. Rc1 d5 14. cxd5 exd5 15. Nxc6 bxc6 16. e5 d4 17. exf6 Bxf6 18. Ne4 Qe6 19. Bh6 Bg7 20. Bxg7 Kxg7 21. Re1 Rfe8 22. Qd2 d3 23. Qc3+ Kg8 24. Nf6+ Qxf6 25. Qxf6 1-0


[Site "https://www.chess.com"]

[Event "Titled Tuesday Blitz August 22 Early 2023"]
[White "Pein, Jonathan"]
[Black "campochess"]
[WhiteFideId "417092"]
[WhiteElo "2421"]
[BlackElo "2171"]
[Result "1-0"]
[Round "5"]
[TimeControl "180+1"]
[Date "2023.08.22"]
[WhiteClock "0:00:08"]
[BlackClock "0:00:21"]
[Board "173"]

1. e4 c5 2. Nh3 e6 3. f4 d5 4. d3 dxe4 5. dxe4 Qxd1+ 6. Kxd1 Nf6 7. Nf2 Bd7 8. Be3 Nc6 9. c3 Be7 10. g4 h5 11. g5 Ng4 12. Nxg4 hxg4 13. Kc2 O-O-O 14. Nd2 f6 15. gxf6 gxf6 16. Nb3 b6 17. Ba6+ Kc7 18. Rad1 Be8 19. Bc4 Bd7 20. Rd2 Rh3 21. Bf2 Bc8 22. Rxd8 Nxd8 23. Nd2 Bb7 24. Bg3 f5 25. Re1 Bh4 26. exf5 Bxg3 27. hxg3 exf5 28. Re3 Rh2 29. Bd3 Bc8 30. Kd1 Nc6 31. Re2 Rh1+ 32. Kc2 Rg1 33. Re3 Kd8 34. Nc4 Ne7 35. Nd6 Nd5 36. Re8+ Kc7 37. Nxc8 Rg2+ 38. Kb3 Rxg3 39. Bxf5 Nxf4 40. Ne7 Kd6 41. Ng6 Ne2 42. Re6+ Kd5 43. Rxe2 b5 44. a3 a5 45. Rd2+ Kc6 46. Ne5+ Kc7 47. Nxg4 b4 48. axb4 axb4 49. Ne5 bxc3 50. bxc3 Rg5 51. Rd7+ Kc8 52. Rf7+ Kd8 53. Nc6+ Ke8 54. Re7+ Kf8 55. Bd7 Rg6 56. Re6 Rg7 57. Re8+ Kf7 58. Kc4 Kf6 59. Re6+ Kg5 60. Rd6 Kf4 61. Kxc5 Rg3 62. c4 Rg7 63. Rd4+ Ke3 64. Nb4 Rg5+ 65. Nd5+ Kf3 66. Bb5 Rg8 67. Rf4+ Ke2 68. Rh4 Kd3 69. Kb4 Rb8 70. c5+ Kd2 71. c6 1-0


[Site "https://www.chess.com"]

[Event "Titled Tuesday Blitz August 22 Early 2023"]
[White "Baruch, Liam"]
[Black "ExchangeAB"]
[WhiteFideId "14322064"]
[WhiteElo "2158"]
[BlackElo "2417"]
[Result "1/2-1/2"]
[Round "5"]
[TimeControl "180+1"]
[Date "2023.08.22"]
[WhiteClock "0:00:22"]
[BlackClock "0:00:49"]
[Board "174"]

1. e4 c6 2. d4 d5 3. exd5 cxd5 4. Bd3 Nf6 5. c3 Nc6 6. Bf4 Bg4 7. Qb3 Qd7 8. Nd2 e6 9. Ngf3 Bd6 10. Bg3 Bxf3 11. Nxf3 O-O 12. O-O Bxg3 13. hxg3 Rac8 14. Rfe1 Na5 15. Qb5 Qxb5 16. Bxb5 Nc4 17. Bxc4 Rxc4 18. Ne5 Rc7 19. a4 Rfc8 20. a5 Nd7 21. a6 Nxe5 22. Rxe5 b6 23. Rae1 g6 24. g4 Rc4 25. Ra1 b5 26. g5 b4 27. Rb1 R8c6 28. Re3 Rxa6 29. Kf1 Rac6 30. Ra1 bxc3 31. bxc3 Rxc3 32. Rxa7 Rxe3 33. fxe3 Rc2 34. Ra3 Kg7 35. Rb3 h6 36. gxh6+ Kxh6 37. Rb1 Kg5 38. Rb7 f6 39. Re7 Rc6 40. Kf2 Kf5 41. Kf3 g5 42. Rg7 e5 43. g4+ Ke6 44. dxe5 Kxe5 45. Re7+ Re6 46. Rd7 Re8 47. Rf7 Ke6 48. Ra7 Rh8 49. Ra6+ Ke5 50. Kg3 Rh1 51. Ra8 Rg1+ 52. Kf3 Rf1+ 53. Kg2 Re1 54. Re8+ Kd6 55. Kf2 Ra1 56. Rf8 Ke7 57. Rb8 Ra2+ 58. Kf3 Ra3 59. Rb7+ Ke6 60. Rb6+ Ke5 61. Rb4 Rd3 62. Ke2 Rc3 63. Rb8 Ra3 64. Re8+ Kd6 65. Rf8 Ke7 66. Rb8 Ra4 67. Rb7+ Ke6 68. Kf3 Rc4 69. Rb6+ Ke5 70. Rb8 Rc1 71. Re8+ Kd6 72. Rd8+ Ke6 73. Re8+ Kf7 74. Rd8 Rd1 75. Ke2 Rg1 76. Kf3 Ke6 77. Re8+ Kd6 78. Rf8 Ke7 79. Ra8 Rf1+ 80. Ke2 Rb1 81. Ra7+ Ke6 82. Kf3 Rb4 83. Ra6+ Kf7 84. Ra7+ Ke6 85. Ra6+ Ke5 86. Ra7 f5 87. gxf5 Kxf5 88. Rf7+ Ke5 89. Rg7 g4+ 90. Ke2 Re4 91. Rg5+ Kd6 92. Kd3 Ra4 93. Rg8 Ra3+ 94. Ke2 Ra2+ 95. Kd3 Rg2 96. e4 Ke5 97. exd5 Rg3+ 98. Ke2 Kxd5 99. Kf2 Rf3+ 100. Kg2 Rf4 101. Kg3 Ra4 102. Rxg4 Rxg4+ 103. Kxg4 1/2-1/2


[Site "https://www.chess.com"]

[Event "Titled Tuesday Blitz August 22 Early 2023"]
[White "Semenova, Alina"]
[Black "Khromkin, Andrey"]
[WhiteFideId "24113875"]
[BlackFideId "4154126"]
[WhiteElo "2071"]
[BlackElo "2416"]
[Result "0-1"]
[Round "5"]
[TimeControl "180+1"]
[Date "2023.08.22"]
[WhiteClock "0:00:14"]
[BlackClock "0:00:54"]
[Board "175"]

1. e4 c5 2. Nf3 Nc6 3. d4 cxd4 4. Nxd4 g6 5. c4 Bg7 6. Be3 Nf6 7. Nc3 Ng4 8. Qxg4 Nxd4 9. Qd1 Ne6 10. Rc1 Qa5 11. Be2 b6 12. O-O Bb7 13. f3 f5 14. exf5 gxf5 15. Nd5 Bxb2 16. Rc2 Bg7 17. f4 d6 18. Bh5+ Kd7 19. Qd3 Rhf8 20. Rd1 Nc5 21. Qe2 e6 22. Bf3 exd5 23. Bxd5 Bxd5 24. Rxd5 Rae8 25. Rcd2 Rf6 26. Qf3 Rfe6 27. Bxc5 bxc5 28. Qh5 Bd4+ 29. R5xd4 cxd4 30. Qf7+ R8e7 0-1


[Site "https://www.chess.com"]

[Event "Titled Tuesday Blitz August 22 Early 2023"]
[White "Blanco Ronquillo, Humberto L."]
[Black "Buraczewski, Rafal"]
[WhiteFideId "3504239"]
[BlackFideId "1155245"]
[WhiteElo "2702"]
[BlackElo "2117"]
[Result "1-0"]
[Round "5"]
[TimeControl "180+1"]
[Date "2023.08.22"]
[WhiteClock "0:00:40"]
[BlackClock "0:00:01"]
[Board "176"]

1. d4 Nf6 2. c4 e6 3. Nf3 b6 4. g3 Bb7 5. Bg2 d5 6. cxd5 exd5 7. O-O Be7 8. Nc3 Nbd7 9. Bf4 O-O 10. Rc1 a6 11. Ne5 c5 12. Nxd7 Qxd7 13. Na4 Qb5 14. Bc7 Nd7 15. dxc5 Nxc5 16. b3 Nxa4 17. bxa4 Qa5 18. Rb1 Bc5 19. Qe1 Qxa4 20. Bxb6 Be7 21. Qd2 Bc6 22. Bxd5 Bb5 23. Rfd1 Bf6 24. e4 Rab8 25. Bd4 Bxd4 26. Qxd4 Qc2 27. Rbc1 Qe2 28. Rd2 Qg4 29. e5 Rbc8 30. Qxg4 Rxc1+ 31. Rd1 Rcc8 1-0


[Site "https://www.chess.com"]